Map: Triton LE

Players

pHARM

  • Race: Zerg Zerg
  • League: Platinum
  • Spawn Location: 11:00

AdmiralDolan - Winner!

  • Race: Zerg Zerg
  • Spawn Location: 5:00

VOD

Have the link to the VOD?

Description

Time

  • Played on: Sept. 13, 2019, 11:56 p.m.
  • Length: 11:22
Show
View Real Time Build Order
Export as new Build Order

pHARM Zerg 

Build Orders: Hatch First 

Get SALT Encoding   

  12  0:02  Drone  
  13  0:13  Overlord  
  13  0:22  Drone  
  14  0:32  Drone x2  
  16  0:51  Hatchery  
  15  0:59  Drone x2  
  15  1:01  Drone  
  18  1:16  Spawning Pool  
  17  1:19  Drone  
  18  1:28  Drone  
  19  1:33  Drone  
  20  1:41  Extractor  
  20  1:45  Drone  
  20  2:03  Overlord  
  20  2:11  Queen x2  
  20  2:12  Drone x2  
  20  2:15  Overlord  
  26  2:25  Drone, Spine Crawler  
  26  2:26  Drone x2  
  28  2:53  Zergling x4  
  30  3:00  Metabolic Boost  
  30  3:13  Drone x5  
  35  3:25  Lair  
  35  3:31  Queen  
  37  3:35  Overlord x2  
  37  3:51  Baneling Nest  
  37  3:53  Evolution Chamber  
  33  3:55  Roach Warren  
  33  4:00  Drone x9  
  41  4:21  Zerg Missile Weapons Level 1  
  41  4:24  Extractor  
  41  4:26  Drone x5, Extractor  
  41  4:27  Queen  
  46  4:41  Drone  
  46  4:42  Drone x2  
  49  4:55  Glial Reconstitution  
  49  4:59  Overlord x4  
  49  5:02  Drone  
  50  5:18  Hatchery  
  49  5:28  Roach x6  
  55  5:29  Roach  
  63  5:37  Roach x3  
  69  5:46  Roach  
  73  5:50  Roach  
  73  5:58  Roach  
  73  5:59  Roach x4  
  83  6:10  Overlord  
  83  6:11  Overlord x3  
  83  6:30  Evolution Chamber  
  82  6:34  Evolution Chamber  
  82  6:35  Drone x2  
  82  6:39  Drone  
  84  6:40  Drone x8  
  74  7:17  Drone x4  
  74  7:18  Drone x7  
  85  7:25  Zerg Missile Weapons Level 2  
  85  7:26  Zerg Ground Armor Level 1  
  85  7:30  Extractor  
  85  7:32  Hydralisk Den  
  85  7:33  Infestation Pit  
  85  7:37  Extractor x2  
  80  7:59  Drone x4  
  80  8:02  Roach x11  
  106  8:10  Muscular Augments  
  106  8:13  Hive  
  106  8:14  Roach x3  
  112  8:38  Roach x5  
  112  8:39  Overlord x7  
  123  9:02  Drone  
  123  9:07  Roach x8  
  139  9:13  Hatchery  
  138  9:21  Grooved Spines  
  138  9:25  Roach x12  
  162  9:35  Roach x3  
  152  9:41  Roach  
  122  9:48  Roach x4  
  122  9:52  Roach x5  
  116  10:00  Roach  
  116  10:01  Roach  
  116  10:06  Roach  
  100  10:10  Roach x2  
  94  10:15  Roach  
  94  10:16  Roach x5  
  86  10:23  Roach  
  86  10:27  Roach  
  96  10:35  Roach x2  
  98  10:36  Roach  
  98  10:42  Roach x5  
  104  10:46  Roach x3  
  108  10:50  Roach x2  
  108  11:01  Roach x2  
Show
View Real Time Build Order
Export as new Build Order

AdmiralDolan Zerg - Winner!

Build Orders: Pool First 

Get SALT Encoding   

  12  0:01  Drone  
  13  0:08  Drone  
  14  0:17  Overlord  
  14  0:32  Extractor  
  14  0:33  Drone  
  15  0:36  Drone x2  
  17  0:49  Spawning Pool  
  16  0:50  Drone  
  17  0:58  Drone  
  18  1:14  Hatchery  
  18  1:17  Drone  
  18  1:20  Drone  
  18  1:24  Extractor  
  18  1:28  Drone  
  19  1:40  Drone  
  20  1:52  Queen  
  22  1:55  Overlord  
  22  2:09  Overlord, Roach Warren  
  22  2:13  Zergling x2  
  22  2:26  Queen  
  22  2:28  Drone x2  
  26  2:32  Queen  
  28  2:47  Drone x3  
  31  2:55  Drone x2  
  33  3:02  Queen  
  35  3:12  Lair  
  34  3:17  Drone x5  
  39  3:25  Spine Crawler  
  38  3:31  Extractor  
  38  3:32  Drone x2  
  38  3:33  Drone  
  40  3:34  Overlord  
  40  3:47  Queen  
  42  3:57  Evolution Chamber  
  41  4:08  Evolution Chamber  
  40  4:25  Zerg Missile Weapons Level 1  
  40  4:26  Drone x2  
  40  4:27  Drone x3  
  40  4:28  Drone x3  
  48  4:34  Zerg Ground Armor Level 1  
  48  4:36  Glial Reconstitution  
  48  4:49  Drone x3  
  51  4:59  Drone x2, Extractor  
  52  5:00  Overlord x3  
  52  5:01  Overlord  
  52  5:26  Roach x6  
  52  5:27  Roach  
  66  5:34  Overseer  
  66  5:36  Hatchery  
  66  5:41  Infestation Pit  
  64  5:44  Queen  
  66  5:52  Roach x7  
  80  6:21  Queen  
  80  6:23  Roach  
  80  6:25  Overlord x3  
  84  6:26  Overlord x4  
  84  6:30  Zerg Missile Weapons Level 2  
  84  6:39  Extractor  
  83  6:40  Drone  
  84  6:49  Roach x3  
  84  6:50  Roach x2  
  94  6:57  Hatchery  
  93  7:02  Roach x5  
  99  7:10  Roach x3  
  99  7:17  Queen x2  
  99  7:21  Roach x4  
  111  7:49  Roach x3  
  111  7:50  Roach x6  
  130  7:58  Drone x3  
  130  8:01  Overlord x2  
  130  8:02  Overlord  
  130  8:04  Overseer x2  
  132  8:26  Hatchery  
  131  8:48  Roach  
  131  8:49  Roach x8  
  131  8:50  Roach x3  
  155  9:08  Roach x2  
  155  9:09  Roach  
  161  9:25  Overlord x2  
  161  9:26  Overlord  
  161  9:38  Roach x5  
  133  9:55  Roach  
  133  9:56  Roach x5  
  141  10:06  Roach x3  
  135  10:16  Roach x3  
  139  10:39  Roach x5  
  139  10:40  Roach x3  
  155  10:45  Drone x2  
Tags
 
League
Platinum
Matchup
ZvZ
Race
Zerg
Replay Pack
10.7.19
Spawn Locations
Cross Positions
Add a new tag
Caveats
  • Supply blocks, unpowered buildings, or Contaminate may cause inaccurate times.
  • Supply counts are checked every 10 seconds.